 Dungeon Crawl Stone Soup version 0.27-a0-1048-g7ee7857c10 (webtiles) character file.

Game seed: 11834710956308725684

175485 Lucjan the Geomancer (level 18, -1/110 HPs)
             Began as a Gargoyle Earth Elementalist on Apr 20, 2021.
             Was a High Priest of Vehumet.
             Slain by a salamander
             ... wielding a +1 halberd
              (9 damage)
             ... on level 2 of the Snake Pit.
             The game lasted 01:35:10 (34072 turns).

Lucjan the Geomancer (Gargoyle Earth Elementalist) Turns: 34072, Time: 01:35:10

Health: -1/110     AC: 32    Str: 13    XL:     18   Next: 10%
Magic:  26/33      EV: 19    Int: 25    God:    Vehumet [*****.]
Gold:   3054       SH:  0    Dex: 10    Spells: 12/39 levels left

rFire    . . .     SeeInvis +   q - +8 Vampire's Tooth {vamp}
rCold    . . .     Faith    .   (no shield)
rNeg     + . .     Spirit   .   h - +4 steam dragon scales
rPois    ∞         Reflect  .   F - +0 hat {Will+}
rElec    +         Harm     .   x - +0 cloak {Will+}
rCorr    .         Rampage  .   d - +2 pair of gloves
Will     ++++.                  (no boots)
Stlth    ++........             M - amulet of magic regeneration
HPRegen  0.28/turn              O - +4 ring of protection
MPRegen  0.48/turn              Q - +4 ring of evasion

@: flying, very slightly contaminated
A: AC +13, big wings, negative energy resistance 1, electricity resistance,
torment resistance 1, unbreathing 1, petrification resistance, see invisible,
clever 1, strong-willed 1
a: Renounce Religion


You were on level 2 of the Snake Pit.
You worshipped Vehumet.
Vehumet was extremely pleased with you.
You visited 5 branches of the dungeon, and saw 26 of its levels.
You also visited: Bailey and Volcano.

You collected 3438 gold pieces.
You spent 384 gold pieces at shops.

Inventory:

Hand Weapons
 l - a +0 flail
 q - the +8 Vampire's Tooth (weapon) {vamp}
   (You found it on level 11 of the Dungeon)

   It inflicts no extra harm, but heals its wielder when it wounds a living foe.
 P - the +2 quarterstaff "Ciowneb" {vamp, rElec rPois rN+}
   (You bought it in a shop on level 2 of the Orcish Mines)

   It inflicts no extra harm, but heals its wielder when it wounds a living foe.
   It insulates you from electricity.
   It protects you from poison.
   It protects you from negative energy.
Missiles
 e - 431 stones
 v - 4 throwing nets
 I - 16 curare-tipped darts
Armour
 d - a +2 pair of gloves (worn)
 h - +4 steam dragon scales (worn)
 x - a +0 cloak of willpower (worn)
 y - the +0 robe "Qufiem" {rF+ rC+ Int+6 Dex-3}
   (You found it on level 7 of the Dungeon)

   It affects your intelligence (+6).
   It affects your dexterity (-3).
   It protects you from fire.
   It protects you from cold.
 F - a +0 hat of willpower (worn)
Jewellery
 t - a ring of protection from cold
 L - a ring of ice
 M - an amulet of magic regeneration (around neck)
 O - a +4 ring of protection (left hand)
 Q - a +4 ring of evasion (right hand)
Wands
 n - a wand of mindburst (5)
 o - a wand of flame (9)
 r - a wand of polymorph (14)
 u - a wand of digging (11)
 G - a wand of charming (6)
 J - a wand of iceblast (18)
 N - a wand of paralysis (2)
Scrolls
 c - 4 scrolls of amnesia
 f - 9 scrolls of identify
 j - 3 scrolls of holy word
 p - 5 scrolls of blinking
 s - 9 scrolls of teleportation
 D - a scroll of fear
 E - a scroll of fog
 K - 2 scrolls of immolation
 R - a scroll of magic mapping
Potions
 a - 2 potions of might
 b - a potion of resistance
 g - 11 potions of curing
 i - 6 potions of magic
 k - 7 potions of lignification
 m - 4 potions of brilliance
 w - 3 potions of haste
 A - 2 potions of ambrosia
 B - 4 potions of mutation
 C - 4 potions of heal wounds
 H - 3 potions of berserk rage
Miscellaneous
 z - a box of beasts (inert)


   Skills:
 + Level 11.2 Fighting
 + Level 10.3 Maces & Flails
 - Level 6.0 Armour
 + Level 9.1 Dodging
 - Level 2.1 Stealth
 + Level 11.1 Spellcasting
 + Level 12.5 Conjurations
 - Level 0.7 Transmutations
 * Level 11.8 Fire Magic
 + Level 14.2 Earth Magic
 + Level 9.7 Evocations


You had 12 spell levels left.
You knew the following spells:

 Your Spells              Type           Power      Damage    Failure   Level
a - Sandblast             Erth           100%       2d20      0%          1
b - Stone Arrow           Conj/Erth      100%       3d13      1%          3
c - Lee's Rapid Deconstr  Erth           35%        3d19*     1%          5
d - Iron Shot             Conj/Erth      34%        9d7       1%          6
e - Irradiate             Conj/Tmut      23%        3d21      2%          5
f - Fireball              Conj/Fire      33%        3d14      1%          5
g - Passwall              Tmut/Erth      41%        N/A       1%          2

Your spell library contained the following spells:

 Spells                   Type           Power      Damage    Failure   Level
 Starburst                Conj/Fire      33%        8x6d10    1%          6
 Foxfire                  Conj/Fire      100%       2x1d9     1%          1
 Freeze                   Ice            52%        1d7       1%          1
 Poisonous Vapours        Pois/Air       26%        N/A       1%          2
 Static Discharge         Conj/Air       45%        N/A       1%          2
 Conjure Flame            Conj/Fire      66%        6-21      1%          3
 Inner Flame              Hex/Fire       43%        N/A       1%          3
 Mephitic Cloud           Conj/Pois/Air  34%        N/A       1%          3
 Hailstorm                Conj/Ice       45%        3d10      1%          4
 Petrify                  Tmut/Erth      50%        N/A       1%          4
 Sticky Flame             Conj/Fire      66%        2d8       1%          4
 Lightning Bolt           Conj/Air       22%        1d38      2%          5
 Beastly Appendage        Tmut           34%        N/A       3%          1
 Frozen Ramparts          Ice            26%        1d4       3%          3
 Animate Skeleton         Necr           26%        N/A       4%          1
 Apportation              Tloc           26%        N/A       4%          1
 Corona                   Hex            14%        N/A       4%          1
 Summon Small Mammal      Summ           52%        N/A       4%          1
 Wereblood                Tmut           17%        N/A       4%          2
 Spider Form              Tmut/Pois      7%         N/A       12%         3
 Confusing Touch          Hex            13%        N/A       13%         3
 Gell's Gravitas          Tloc           6%         N/A       13%         3
 Ozocubu's Armour         Ice            13%        N/A       13%         3
 Yara's Violent Unravell  Hex/Tmut       7%         3d5       26%         5
 Freezing Cloud           Conj/Ice/Air   17%        6-21      30%         6
 Ice Form                 Ice/Tmut       15%        N/A       36%         4
 Ignition                 Fire           32%        3d10      45%         8
 Hydra Form               Tmut           8%         N/A       65%         5
 Metabolic Englaciation   Hex/Ice        6%         N/A       77%         5
 Shatter                  Erth           35%        3d28*     95%         9
 Tornado                  Air            6%         N/A       100%        9


Dungeon Overview and Level Annotations

Branches:
Dungeon (15/15)            Temple (1/1) D:7            Lair (6/6) D:11
 Shoals (0/4) Lair:3        Snake (2/4) Lair:4        Slime (0/5) Lair:5
    Orc (2/2) D:10            Elf (0/3) Orc:2        Vaults (0/5) D:14
 Depths (0/5) D:15         Bailey (visited)         Volcano (visited)

Altars:
Ashenzari
Cheibriados
Dithmenos
Elyvilon
Fedhas
Gozag
Hepliaklqana
Kikubaaqudgha
Makhleb
Okawaru
Qazlal
Sif Muna
Trog
Vehumet
Wu Jian
Xom
Yredelemnul
Zin
The Shining One
Beogh

Shops:
D:1 [[(   Orc:1 [   Orc:2 *(=

Portals:
Pandemonium: Orc:2

Annotations:
D:12 3 runed translucent doors, Morbidden's ghost, journeyman DgBr
Snake:2 Vashnia


Innate Abilities, Weirdness & Mutations

Your stone body is resilient. (AC +13)
You are immune to poison.
Your large and strong wings let you fly.
You resist negative energy. (rN+)
You are resistant to electric shocks. (rElec)
You are resistant to unholy torment.
You can survive without breathing.
You are immune to petrification.
You have supernaturally acute eyesight. (SInv)
Your mind is acute. (Int +2)
You are strong-willed. (Will+)


Message History

That beam is likely to hit you.
Continue anyway?
Okay, then.
Okay, then.
Casting: Lee's Rapid Deconstruction (safe; 1% risk of failure)
Confirm with . or Enter, or press ? or * to list all spells.
Aiming: Fireball (mildly dangerous; 1% risk of failure)
Press: ? - help, Shift-Dir - straight line, f - naga sharpshooter
Aim: a naga sharpshooter, wielding a +0 flail and quivering arrows (flame, severely wounded, inner flame, strong, concentrated venom)
The fireball explodes!
The fireball engulfs the naga sharpshooter!!
Vehumet accepts your kill.
You feel your power returning. Vehumet accepts your kill.
You feel your power returning.
You feel a bit more experienced.
You hear an explosion!
The fiery explosion engulfs the naga mage!!
Vehumet accepts your kill.
You feel your power returning. Vehumet accepts your kill.
You feel your power returning.
You feel a bit more experienced.
You hear an explosion!
Vehumet accepts your kill.
You feel your power returning.
You feel a bit more experienced.
You hear an explosion!
The naga mage explodes!
The naga sharpshooter explodes!
Unknown command.
Unknown command.
Unknown command.
The salamander closely misses you.
Casting: Fireball (mildly dangerous; 1% risk of failure)
Confirm with . or Enter, or press ? or * to list all spells.
Aiming: Iron Shot (dangerous; 1% risk of failure)
Press: ? - help, Shift-Dir - straight line, f - salamander
Aim: a salamander, wielding a +1 halberd (heavily wounded, inner flame, strong, 84% to hit)
The iron shot hits the salamander!!
Flame seeps out of the salamander.
The salamander is almost dead.
The salamander hits you from afar with a +1 halberd!!
* * * LOW HITPOINT WARNING * * *
You are engulfed in flames!
You die...

..## ♣..##
#...# #..♣#
#.<.# ##..♣#
#)†)#
###♣))##
#@'.)## .
#.#♣##...
###N###NNN.
##.§§).N....
#..§§.N.....
#..§§)).....
#..§§.......
#....§.......
#............


You could see a salamander (inner flame, strong).

Vanquished Creatures
  Gastronok (Lair:3)
  A storm dragon (shapeshifter) (D:15)
  A frost giant (D:14)
  An orc warlord (Orc:2)
  Azrael (D:15)
  A fire dragon (Volcano)
  An ettin (Orc:2)
  Fannar (Lair:3)
  11 hydras
  3 vault guards (D:14)
  A catoblepas (Lair:5)
  8 naga warriors
  3 boulder beetles
  6 centaur warriors
  3 anacondas (Snake:1)
  Erica (D:10)
  14 two-headed ogres
  A hell hog (Volcano)
  3 death yaks (Lair:6)
  4 orc high priests (Orc:2)
  7 naga sharpshooters
  A soul eater (Orc:2)
  Sonja (Lair:1)
  9 skeletal warriors
  A gelid demonspawn (Orc:2)
  A torturous demonspawn (Orc:2)
  2 lindwurms
  Pikel (D:9)
  6 orc knights (Orc:2)
  A deep elf pyromancer (D:12)
  3 wolf spiders
  12 ugly things
  8 orc sorcerers (Orc:2)
  14 cyclopes
  6 manticores
  A mana viper (Snake:1)
  An oklob plant (Lair:4)
  4 salamanders
  15 black mambas
  Maurice (D:9)
  3 elephants (Lair:5)
  4 guardian serpents
  9 naga magi
  18 cane toads
  An orange demon (Orc:2)
  2 gargoyles
  A kobold demonologist (D:14)
  4 rime drakes
  11 komodo dragons
  An unseen horror (D:11)
  A komodo dragon (shapeshifter) (D:15)
  A freezing wraith (D:15)
  3 hellwings (Orc:2)
  10 trolls
  2 hornets (Lair:6)
  12 blink frogs
  Grinder (D:6)
  7 dream sheep (Lair:6)
  A polar bear (Lair:3)
  3 tyrant leeches (D:11)
  A slime creature (D:7)
  4 redbacks (Lair:6)
  2 wraiths
  56 yaks
  A shadow (D:11)
  2 vampires (D:11)
  2 ynoxinuls (Orc:2)
  22 wyverns
  6 fire bats (Volcano)
  6 basilisks
  A hog (shapeshifter) (D:13)
  8 humans (D:14)
  4 fire elementals (D:15)
  6 steam dragons
  17 vampire mosquitoes
  5 wargs
  18 nagas
  5 hell hounds
  26 water moccasins
  2 ice beasts
  An ice beast (shapeshifter) (D:15)
  33 orc warriors
  A sky beast (D:7)
  A black bear (D:6)
  A hornet zombie (D:7)
  2 necrophages
  10 wolves
  13 ogres
  10 centaurs
  A lemure (D:9)
  2 phantoms (D:6)
  8 bullfrogs
  5 kobold brigands
  A wyvern zombie (D:9)
  8 gnoll sergeants
  6 scorpions
  A killer bee (D:7)
  6 howler monkeys
  4 crimson imps (D:13)
  4 centaur zombies
  6 lava snakes (Volcano)
  2 hounds (D:5)
  5 jellies
  2 bullfrog skeletons (D:5)
  30 orc priests
  2 gnoll shamans (D:9)
  2 iguanas
  Jessica (D:2)
  17 orc wizards
  5 hell rats (Lair:4)
  A killer bee zombie (D:8)
  Robin (D:2)
  42 gnolls
  5 adders
  3 shadow imps
  A worm (D:2)
  3 dart slugs
  64 orcs
  7 endoplasms
  5 giant cockroaches
  18 goblins
  21 hobgoblins
  7 jackals
  5 quokkas
  3 ball pythons
  11 bats
  A frilled lizard (D:1)
  25 kobolds
  4 rats
867 creatures vanquished.

Vanquished Creatures (collateral kills)
  An orc high priest (Orc:2)
1 creature vanquished.

Vanquished Creatures (others)
  A vault guard (D:14)
  36 fungi
  57 plants
94 creatures vanquished.

Grand Total: 962 creatures vanquished

Notes
Turn   | Place    | Note
-------+----------+-------------------------------------------
     0 | D:1      | Lucjan the Gargoyle Earth Elementalist began the quest for
                  | the Orb.
     0 | D:1      | Reached XP level 1. HP: 10/10 MP: 3/3
   613 | D:1      | Found Lohugyej's Antique Weapon Boutique.
   620 | D:1      | Reached XP level 2. HP: 15/15 MP: 3/5
   624 | D:1      | Reached skill level 4 in Earth Magic
   883 | D:1      | Found Daem's Antique Armour Shop.
  1304 | D:1      | Found Dolil's Antique Armour Shoppe.
  1541 | D:1      | Found a faded altar of an unknown god.
  1723 | D:1      | Reached XP level 3. HP: 15/19 MP: 6/6
  1727 | D:1      | Learned a level 3 spell: Stone Arrow
  2708 | D:2      | Reached skill level 1 in Conjurations
  2737 | D:2      | Reached XP level 4. HP: 21/24 MP: 8/8
  2849 | D:2      | Noticed Jessica
  2869 | D:2      | Killed Jessica
  2969 | D:2      | Noticed Robin
  3015 | D:2      | Reached skill level 5 in Earth Magic
  3018 | D:2      | Reached XP level 5. HP: 20/28 MP: 4/9
  3018 | D:2      | Killed Robin
  3144 | D:2      | Learned a level 5 spell: Lee's Rapid Deconstruction
  3543 | D:3      | Found an ancient bone altar of Kikubaaqudgha.
  3567 | D:3      | Found a shimmering blue altar of Sif Muna.
  3866 | D:3      | Found a transporter.
  3882 | D:3      | Found a transporter.
  3957 | D:4      | Noticed an ogre
  3960 | D:4      | Reached XP level 6. HP: 32/32 MP: 4/11
  4083 | D:4      | Noticed a necrophage
  4130 | D:4      | Killed a necrophage
  4131 | D:4      | Reached skill level 6 in Earth Magic
  4425 | D:4      | Reached XP level 7. HP: 32/36 MP: 6/13
  4923 | D:5      | Entered Level 5 of the Dungeon
  5522 | D:5      | Reached skill level 7 in Earth Magic
  5662 | D:5      | Reached skill level 5 in Spellcasting
  5928 | D:6      | Noticed Grinder
  5931 | D:6      | Killed Grinder
  5932 | D:6      | Reached skill level 5 in Conjurations
  5932 | D:6      | Reached XP level 8. HP: 28/41 MP: 5/15
  6842 | D:6      | Reached skill level 8 in Earth Magic
  7144 | D:6      | Reached skill level 1 in Fighting
  7144 | D:6      | Reached skill level 1 in Armour
  7215 | D:6      | Reached skill level 1 in Maces & Flails
  7369 | D:7      | Reached skill level 1 in Evocations
  7424 | D:7      | Reached XP level 9. HP: 36/47 MP: 15/17
  7770 | D:7      | Found a staircase to the Ecumenical Temple.
  7779 | Temple   | Entered the Ecumenical Temple
  7844 | Temple   | Became a worshipper of Vehumet
  8340 | D:7      | Noticed a troll
  8342 | D:7      | Killed a troll
  8348 | D:7      | Noticed a troll
  8351 | D:7      | Killed a troll
  8353 | D:7      | Noticed a troll
  8368 | D:7      | Killed a troll
  8396 | D:7      | Noticed a troll
  8438 | D:7      | Noticed a two-headed ogre
  8443 | D:7      | HP: 2/50 [two-headed ogre/+0 giant club (13)]
  8445 | D:7      | Killed a two-headed ogre
  8446 | D:7      | Reached skill level 9 in Earth Magic
  8446 | D:7      | Reached XP level 10. HP: 3/56 MP: 4/19
  8758 | D:7      | Noticed a manticore
  8857 | D:7      | Killed a manticore
  8940 | D:7      | Found the +0 staff of Battle
  8942 | D:7      | Identified the +0 robe "Qufiem" {rF+ rC+ Int+6 Dex-3}
  9229 | D:7      | Found a glowing silver altar of Zin.
  9229 | D:7      | Found Zin's Purification Station.
  9239 | D:7      | Bought a potion of curing for 90 gold pieces
  9371 | D:3      | Reached * piety under Vehumet
  9371 | D:3      | Offered knowledge of Shock by Vehumet.
  9426 | D:3      | Learned a level 2 spell: Passwall
 10395 | D:9      | Noticed Maurice
 10403 | D:9      | Killed Maurice
 10465 | D:9      | Found an opulent altar of Gozag.
 10465 | D:9      | Found a white marble altar of Elyvilon.
 10466 | D:9      | Found a bloodstained altar of Trog.
 10487 | D:9      | Noticed Pikel
 10493 | D:9      | Killed Pikel
 10556 | D:9      | Found a flagged portal.
 10590 | Bailey   | Entered a bailey
 10613 | Bailey   | Offered knowledge of Magic Dart by Vehumet.
 10613 | Bailey   | Reached ** piety under Vehumet
 10940 | Bailey   | Noticed an orc knight
 10946 | Bailey   | an orc knight changed into a komodo dragon
 10952 | Bailey   | Reached XP level 11. HP: 60/62 MP: 3/21
 11426 | D:9      | Noticed a two-headed ogre
 11430 | D:9      | Killed a two-headed ogre
 11431 | D:9      | Reached skill level 5 in Armour
 11562 | D:9      | Offered knowledge of Static Discharge by Vehumet.
 11763 | D:10     | Entered Level 10 of the Dungeon
 11780 | D:10     | Reached skill level 5 in Fighting
 11898 | D:10     | Reached skill level 10 in Earth Magic
 12003 | D:10     | Reached *** piety under Vehumet
 12133 | D:10     | Noticed a two-headed ogre
 12143 | D:10     | Killed a two-headed ogre
 12171 | D:10     | Noticed Erica
 12175 | D:10     | Killed Erica
 12176 | D:10     | Reached skill level 5 in Maces & Flails
 12280 | D:10     | Gained mutation: You are clumsy. (Dex -2) [potion of
                  | mutation]
 12280 | D:10     | Gained mutation: You are strong-willed. (Will+) [potion of
                  | mutation]
 12280 | D:10     | Gained mutation: You are partially covered in iridescent
                  | scales. (AC +2) [potion of mutation]
 12281 | D:10     | Lost mutation: You are clumsy. (Dex -2) [potion of
                  | mutation]
 12281 | D:10     | Gained mutation: Your mind is acute. (Int +2) [potion of
                  | mutation]
 12281 | D:10     | Lost mutation: You are partially covered in iridescent
                  | scales. (AC +2) [potion of mutation]
 12281 | D:10     | Gained mutation: You have sharp toenails. [potion of
                  | mutation]
 12281 | D:10     | Gained mutation: Your mind is very acute. (Int +4) [potion
                  | of mutation]
 12465 | D:10     | Noticed a two-headed ogre
 12472 | D:10     | Killed a two-headed ogre
 12600 | D:10     | Offered knowledge of Fulminant Prism by Vehumet.
 12751 | D:10     | Found a staircase to the Orcish Mines.
 13243 | D:11     | Reached skill level 5 in Evocations
 13278 | D:11     | Reached skill level 5 in Dodging
 13314 | D:11     | Reached **** piety under Vehumet
 13315 | D:11     | Reached XP level 12. HP: 39/70 MP: 4/23
 13651 | D:11     | Found the +8 Vampire's Tooth {vamp}
 13890 | D:11     | Offered knowledge of Irradiate by Vehumet.
 13905 | D:11     | Learned a level 5 spell: Irradiate
 14088 | D:11     | Gained mutation: You sometimes lose the ability to read
                  | scrolls when taking damage. [mutagenic glow]
 14268 | D:11     | Found a staircase to the Lair.
 14368 | D:12     | Noticed a seven-headed hydra
 14370 | D:12     | Noticed Morbidden's ghost (journeyman DgBr)
 14382 | D:12     | Found a runed translucent gate.
 14382 | D:12     | Found a runed translucent gate.
 14382 | D:12     | Found a runed translucent gate.
 14401 | D:12     | Noticed a two-headed ogre
 14411 | D:12     | Killed a two-headed ogre
 14750 | D:12     | Reached skill level 11 in Earth Magic
 14937 | D:12     | Noticed a two-headed ogre
 14941 | D:12     | Killed a two-headed ogre
 15006 | D:12     | Noticed a two-headed ogre
 15018 | D:12     | Killed a two-headed ogre
 15409 | D:12     | Noticed a four-headed hydra
 15411 | D:12     | Noticed a two-headed ogre
 15416 | D:12     | Noticed a boulder beetle
 15742 | D:12     | Reached XP level 13. HP: 76/76 MP: 11/25
 16464 | D:12     | Reached ***** piety under Vehumet
 16466 | D:12     | Offered knowledge of Hailstorm by Vehumet.
 16760 | D:12     | Reached skill level 10 in Conjurations
 17323 | D:13     | Learned a level 5 spell: Fireball
 17402 | D:13     | Found a shimmering altar of Xom.
 17412 | D:13     | Reached skill level 1 in Fire Magic
 17677 | D:13     | Reached skill level 12 in Earth Magic
 18352 | D:13     | You fall into a shaft and drop 2 floors!
 18352 | D:15     | Entered Level 15 of the Dungeon
 18353 | D:15     | Noticed Azrael
 18965 | D:14     | Gained mutation: Your large and strong wings let you fly.
                  | [Gargoyle growth]
 18965 | D:14     | Reached XP level 14. HP: 84/84 MP: 16/27
 19253 | D:14     | Noticed a frost giant
 19479 | D:14     | Killed a frost giant
 19789 | D:14     | Found a gate to the Vaults.
 20487 | Lair:1   | Entered Level 1 of the Lair of Beasts
 20729 | Lair:1   | Reached skill level 5 in Fire Magic
 20836 | Lair:1   | Offered knowledge of Iron Shot by Vehumet.
 20844 | Lair:1   | Learned a level 6 spell: Iron Shot
 21268 | Lair:1   | Noticed Sonja
 21273 | Lair:1   | Killed Sonja
 21577 | Lair:2   | You are sucked into a shaft and drop 1 floor!
 21803 | Lair:3   | Noticed Fannar
 21831 | Lair:3   | Killed Fannar
 22276 | Lair:2   | Identified the +0 pair of boots "Eleigieh" {Harm rPois
                  | Will-}
 22514 | Lair:2   | Reached XP level 15. HP: 91/91 MP: 18/28
 22687 | Lair:2   | Reached XP level 16. HP: 96/96 MP: 29/29
 22985 | Lair:3   | Found a staircase to the Shoals.
 23110 | Lair:3   | Noticed Gastronok
 23118 | Lair:3   | Killed Gastronok
 24086 | Lair:4   | Reached skill level 10 in Spellcasting
 24384 | Lair:4   | Found a staircase to the Snake Pit.
 24602 | Lair:4   | Reached skill level 13 in Earth Magic
 25174 | Lair:5   | Offered knowledge of Orb of Destruction by Vehumet.
 25360 | Lair:5   | You are sucked into a shaft and drop 1 floor!
 25360 | Lair:6   | Entered Level 6 of the Lair of Beasts
 25626 | Lair:6   | Reached skill level 10 in Fighting
 25944 | Lair:6   | Found a dark tunnel.
 25954 | Volcano  | Entered a volcano
 26035 | Volcano  | Offered knowledge of Lightning Bolt by Vehumet.
 26173 | Volcano  | Reached skill level 10 in Fire Magic
 26265 | Volcano  | Found a radiant altar of Vehumet.
 26294 | Volcano  | Found a bloodstained altar of Trog.
 26792 | Lair:5   | Found a staircase to the Slime Pits.
 27240 | Lair:6   | Identified a scroll of acquirement
 27240 | Lair:6   | Acquired 1065 gold pieces
 28459 | Orc:1    | Entered Level 1 of the Orcish Mines
 28667 | Orc:1    | Found Ucysuac's Armour Emporium.
 28807 | Orc:1    | You are sucked into a shaft and drop 1 floor!
 28807 | Orc:2    | Entered Level 2 of the Orcish Mines
 28821 | Orc:2    | Reached XP level 17. HP: 103/103 MP: 13/31
 28967 | Orc:1    | Lost mutation: You sometimes lose the ability to read
                  | scrolls when taking damage. [potion of mutation]
 28967 | Orc:1    | Lost mutation: You have sharp toenails. [potion of
                  | mutation]
 28967 | Orc:1    | Lost mutation: Your mind is very acute. (Int +4) [potion of
                  | mutation]
 28967 | Orc:1    | Gained mutation: You have supernaturally acute eyesight.
                  | (SInv) [potion of mutation]
 29289 | Orc:2    | Offered knowledge of Bolt of Magma by Vehumet.
 29614 | Orc:2    | Found Giducwif's General Store.
 29902 | Orc:2    | Found Emebil's Magic Scroll Boutique.
 29914 | Orc:2    | Bought a scroll of immolation for 42 gold pieces
 30013 | Orc:2    | Offered knowledge of Conjure Ball Lightning by Vehumet.
 30281 | Orc:2    | Found Illoug's Antique Weapon Shoppe.
 30281 | Orc:2    | Found Sasu's Jewellery Emporium.
 30282 | Orc:2    | Found a one-way gate leading to the halls of Pandemonium.
 30293 | Orc:2    | Bought a bone quarterstaff for 252 gold pieces
 30293 | Orc:2    | Identified the +2 quarterstaff "Ciowneb" {vamp, rElec rPois
                  | rN+} (You bought it in a shop on level 2 of the Orcish
                  | Mines)
 30502 | Orc:2    | Found a staircase to the Elven Halls.
 31099 | D:15     | Killed Azrael
 31380 | D:15     | Found a staircase to the Depths.
 31443 | D:15     | Reached skill level 10 in Maces & Flails
 31827 | Snake:1  | Entered Level 1 of the Snake Pit
 32144 | Snake:1  | Reached skill level 14 in Earth Magic
 32356 | Snake:1  | Offered knowledge of Starburst by Vehumet.
 33857 | Snake:1  | Reached XP level 18. HP: 97/110 MP: 29/33
 34062 | Snake:2  | Noticed Vashnia
 34072 | Snake:2  | Slain by a salamander

Illustrated notes

Levels and vault maps discovered:
D:1:      tarquinn_simple_flora_water_d, layout_basic,
          shapermc_ecumenical_altar_notcrosses, serial_shops,
          nicolae_shop_overgrown_old_shop, shop_statue, nicolae_shop_trees
D:2:      layout_rooms, uniq_jessica, uniq_robin
D:3:      gammafunk_wand_slinger, layout_basic, lemuel_crystal_altar,
          general_overflow_altar
D:4:      layout_rooms
D:5:      layout_cave_pools
D:6:      layout_loops_ring, uniq_grinder
D:7:      minmay_the_grid_triangle_9x9_recursive_2
          [minmay_the_grid_triangle_9x9_prize_center,
          minmay_the_grid_triangle_9x9_corruption,
          minmay_the_grid_triangle_9x9_sparse_checkered,
          minmay_the_grid_triangle_9x9_empty], layout_loops_ring, zin_purify,
          minmay_temple_entry_poolview
D:8:      layout_cave_pods
D:9:      layout_loops_ring, gammafunk_temple_overflow_claw, enter_bailey_6,
          grunt_ministairs_3, uniq_maurice, uniq_pikel
D:10:     layout_irregular_city, kennysheep_orc_monster_closet_entryway,
          uniq_erica
D:11:     layout_big_octagon, lair_entry_dummy, serial_glass, glass_columns_c,
          glass_columns_a, palyth_stone_intersect,
          minmay_guarded_unrand_vampires_tooth
D:12:     kennysheep_windowed_halls, layout_long_grid, gammafunk_ghost_split
D:13:     layout_long_grid, led_xom_imps
D:14:     cheibrodos_monumental, layout_irregular_city,
          ximxim_vaults_locker_room, minivault_24
D:15:     hangedman_depths_entry_try_elsewhere_first, layout_stronghold,
          serial_column_ruins, column_ruins_hut_ruined, column_ruins_hut_ruined,
          column_ruins_corridor_T, column_ruins_columns_water,
          column_ruins_grid_1, column_ruins_columns_straight,
          column_ruins_columns_straight, uniq_azrael
Temple:   eino_temple_rhombus
Lair:1:   layout_roguey, uniq_sonja
Lair:2:   layout_misc_corridors
Lair:3:   layout_layer_cave, shoals_dummy_entry, chequers_serial_rivers_micro_c,
          uniq_gastronok, uniq_fannar
Lair:4:   layout_gridlike, guppyfry_snake_entry_island, special_room
          [special_room_mythical_zoo]
Lair:5:   layout_loops_ring, nicolae_slime_entry_slimehenge
Lair:6:   hangedman_lair_tendril_chambers, layout_gridlike,
          nicolae_volcano_entry_vermiform
Snake:1:  layout_gridlike, hangedman_snake_corridor_split
Snake:2:  layout_cave_pods, gammafunk_ghost_split, grunt_ministairs_8,
          nrook_guardian_serpent_double, serial_bayou_shore_a, uniq_vashnia
Orc:1:    layout_diamond_mine, serial_shops, shop_statue
Orc:2:    pf_orc_diabolical, layout_caves, basic_altar

Skill      XL: |  1  2  3  4  5  6  7  8  9 10 11 12 13 14 15 16 17 |
---------------+----------------------------------------------------+-----
Earth Magic    | 4 5 6 7 8 9 10 11 12 13 14 | 14.2
Conjurations   | 1 2 3 5 6 7 8 9 10 11 12 | 12.5
Spellcasting   | 3 4 5 6 7 8 9 10 11 | 11.1
Fighting       | 1 3 4 6 7 8 9 10 11 | 11.2
Armour         | 1 3 4 6 |  6.0
Maces & Flails | 1 3 4 5 6 7 8 9 10 | 10.3
Dodging        | 2 3 4 5 6 7 8 9 |  9.1
Evocations     | 1 2 4 5 6 7 8 9 |  9.7
Fire Magic     | 3 6 8 10 11 | 11.8
Stealth        | |  2.1
Transmutations | |  0.7

Action                   |  1- 3 |  4- 6 |  7- 9 | 10-12 | 13-15 | 16-18 || total
-------------------------+-------+-------+-------+-------+-------+-------++-------
Melee: Club              |     2 |       |       |       |       |       ||     2
       Unarmed           |     1 |       |       |       |       |       ||     1
       Short sword       |    31 |       |       |       |       |       ||    31
       Mace              |    44 |   159 |    78 |       |       |       ||   281
       Dagger            |     1 |       |    25 |   213 |       |       ||   239
       Kick              |       |       |       |    31 |    77 |    96 ||   204
       Quick blade       |       |       |       |    80 |   314 |   760 ||  1154
 Cast: Sandblast         |    26 |    10 |    29 |    23 |     4 |    35 ||   127
       Stone Arrow       |     2 |     8 |    41 |   103 |   152 |    13 ||   319
       Lee's Rapid Decon |       |       |     7 |    49 |    36 |    69 ||   161
       Irradiate         |       |       |       |     2 |     6 |    60 ||    68
       Iron Shot         |       |       |       |       |    29 |   162 ||   191
       Fireball          |       |       |       |       |       |    13 ||    13
       Passwall          |       |       |       |       |       |     1 ||     1
Evoke: Wand              |       |       |       |    20 |     2 |    21 ||    43
       Box of beasts     |       |       |       |       |     1 |     3 ||     4
  Use: Scroll            |       |    10 |     8 |    12 |     4 |     5 ||    39
       Potion            |       |       |     1 |     8 |    10 |     4 ||    23
 Stab: Sleeping          |     2 |     3 |       |       |     1 |     1 ||     7
       Distracted        |       |       |     1 |       |       |       ||     1
       Paralysed         |       |       |       |       |       |    14 ||    14
Armor: Robe              |    41 |   115 |    81 |       |       |    52 ||   289
       Troll leather arm |       |       |       |    47 |       |       ||    47
       Steam dragon scal |       |       |       |   253 |   209 |   417 ||   879
Dodge: Dodged            |    62 |   128 |   105 |   323 |   277 |   725 ||  1620

Table legend: (Time is in decaauts)
 A = Elapsed time spent in this place.
 B = Non-inter-level travel time spent in this place.
 C = Inter-level travel time spent in this place.
 D = Time resting spent in this place.
 E = Time spent auto-exploring this place.
 F = Levels seen in this place.
 G = Mean time per level.
                   A        B        C        D        E       F      G
               +--------+--------+--------+--------+--------+-----+--------+
         Total |  33875 |  32158 |   1717 |   6922 |  18554 |  28 | 1209.8 |
       Dungeon |  21036 |  19966 |   1070 |   5229 |  10880 |  15 | 1402.4 |
        Temple |     76 |     60 |     16 |      0 |     59 |   1 |   76.0 |
          Lair |   7432 |   6892 |    540 |    341 |   4950 |   6 | 1238.7 |
     Snake Pit |   2220 |   2204 |     16 |    584 |   1343 |   2 | 1110.0 |
  Orcish Mines |   2114 |   2041 |     73 |    389 |   1106 |   2 | 1057.0 |
        Bailey |    587 |    587 |      0 |    269 |    169 |   1 |  587.0 |
       Volcano |    407 |    407 |      0 |    110 |     47 |   1 |  407.0 |
               +--------+--------+--------+--------+--------+-----+--------+

Top non-repeatable levels by time:
    D:12: 2871 daAuts
 Snake:1: 2190 daAuts
     D:1: 1987 daAuts
  Lair:6: 1887 daAuts
     D:7: 1863 daAuts
    D:14: 1857 daAuts
  Lair:3: 1679 daAuts
    D:11: 1537 daAuts
     D:6: 1498 daAuts
    D:10: 1418 daAuts
     D:2: 1368 daAuts
   Orc:2: 1208 daAuts
    D:13: 1129 daAuts
  Lair:4: 1083 daAuts
  Lair:1: 1079 daAuts
